 Dungeon Crawl Stone Soup version 0.31.0-1-g2c135a008e (webtiles) character file.

Game seed: 5962717273308141812

6918 qw the Skirmisher (level 11, -15/79 HPs)
             Began as a Djinni Hunter on Jan 23, 2024.
             Was a High Priest of Okawaru.
             Killed by divine providence
             ... invoked by an orc priest
              (16 damage)
             ... on level 10 of the Dungeon.
             The game lasted 00:00:45 (9641 turns).

qw the Skirmisher (Djinni Hunter)                   Turns: 9641, Time: 00:00:45

Health: -15/79     AC: 12    Str: 10    XL:     11   Next: 27%
Gold:   516        EV: 14    Int: 16    God:    Okawaru [*****.] SH:  0 Dex: 22

rFire   + + .        w - +0 orcbow
rCold   . . .        (shield currently unavailable)
rNeg    . . .        s - +2 swamp dragon scales
rPois   inf          (no helmet)
rElec   .            k - +1 cloak
rCorr   .            (no gloves)
SInv    .            (boots unavailable)
Will    +....        j - amulet of faith
Stlth   +            i - ring of Qafomid {+Blink rF- rC+ Int+6}
HPRegen 0.33/turn    e - ring of protection from fire
MPRegen 0.00/turn

%: faith, infuse magic (-16 HP)
@: flying
A: sickness immunity, fire resistance 2, cold vulnerability 1, float, innate
caster, HP casting, extra vitality 1
a: Renounce Religion, Evoke Blink, Heroism, Finesse, Duel


You were on level 10 of the Dungeon.
You worshipped Okawaru.
Okawaru was extremely pleased with you.
You visited 2 branches of the dungeon, and saw 11 of its levels.

You collected 516 gold pieces.


Innate Abilities, Weirdness & Mutations

You are immune to sickness and miasma.
You are immune to poison.
Your flesh is very heat resistant. (rF++)
You are vulnerable to cold. (rC-)
You float through the air rather than walking.
You learn spells naturally, not from books.
Your magical power is your life essence.
You have superior vitality. (+4 MHP)


   Skills:
 - Level 7.0 Fighting
 + Level 9.6 Ranged Weapons
 - Level 3.0 Armour
 - Level 6.0 Dodging
 - Level 0.7 Stealth
 + Level 9.0 Invocations


You knew the following spells:

 Your Spells              Type           Power      Damage    Failure   Level
a - Foxfire               Conj/Fire      0%         2x1d4     52%         1
b - Ensorcelled Hibernat  Hex/Ice        0%         N/A       67%         2
c - Hailstorm             Conj/Ice       0%         3d5       88%         3
d - Cause Fear            Hex            0%         N/A       99%         4
e - Lee's Rapid Deconstr  Erth           0%         3d4*      100%        5
Your spell library was empty.

Inventory:

Hand Weapons
 w - a +0 orcbow (weapon)
Armour
 k - a +1 cloak (worn)
 s - +2 swamp dragon scales (worn)
Jewellery
 b - the amulet of Weijug Muo {Reflect rElec Str+4 SH+5}
   (You found it on level 2 of the Dungeon)

   [amulet of reflection]

   Reflect:   It reflects blocked missile attacks.
   Str+4:     It affects your strength (+4).
   rElec:     It insulates you from electricity.
   SH+5:      It affects your SH (+5).
 e - a ring of protection from fire (right hand)
 i - the ring of Qafomid (left hand) {+Blink rF- rC+ Int+6}
   (You acquired it on level 6 of the Dungeon)

   [ring of intelligence]

   Int+6:     It affects your intelligence (+6).
   rF-:       It makes you vulnerable to fire.
   rC+:       It protects you from cold.
   +Blink:    It lets you blink.
 j - an amulet of faith (around neck)
 u - a ring of positive energy
 Y - a ring of resist corrosion
Wands
 a - a wand of polymorph (2)
 c - a wand of digging (4)
 f - a wand of iceblast (10)
 m - a wand of paralysis (9)
 n - a wand of mindburst (1)
 q - a wand of light (10)
Scrolls
 g - 2 scrolls of identify
Potions
 d - a potion of cancellation
 h - a potion of might {unknown}
 l - 2 potions of curing
 v - 2 potions of mutation

Dungeon Overview and Level Annotations

Branches:
Dungeon (10/15)            Temple (1/1) D:4
   Lair: D:8-11         Orc: D:9-12

Altars:
Ashenzari
Cheibriados
Dithmenos
Elyvilon
Fedhas
Gozag
Hepliaklqana
Makhleb
Nemelex Xobeh
Okawaru
Qazlal
Ru
Trog
Uskayaw
Wu Jian
Xom
Yredelemnul
Zin
The Shining One

Annotations:
D:5 1 runed translucent door, qw's ghost, novice GrHu


Message History

You shoot an arrow.
The arrow hits the orc warrior but does no damage.
The orc warrior barely misses you.
You shoot an arrow. The arrow hits the orc warrior.
The orc warrior is lightly wounded.
The orc warrior hits you with a +0 battleaxe!!
The orc priest invokes the aid of Beogh against you.
Beogh smites you!
You shoot an arrow.
The arrow hits the orc warrior but does no damage.
The orc warrior is lightly wounded.
The orc warrior hits you with a +0 battleaxe.
The orc barely misses you.
You shoot an arrow. The arrow hits the orc warrior!
The orc warrior is moderately wounded.
The orc warrior hits you with a +0 battleaxe!
The orc hits you but does no damage.
You shoot an arrow. The arrow hits the orc warrior!
The orc warrior is severely wounded.
The orc warrior barely misses you. The orc hits you but does no damage.
You shoot an arrow.
The arrow closely misses the orc warrior.
The orc warrior closely misses you. The orc misses you.
You shoot an arrow.
The arrow hits the orc warrior but does no damage.
The orc warrior is severely wounded.
The orc warrior hits you with a +0 battleaxe.
The orc barely misses you.
You shoot an arrow.
The arrow closely misses the orc warrior.
The orc warrior hits you with a +0 battleaxe!
The orc hits you but does no damage.
You shoot an arrow.
The arrow completely misses the orc warrior.
The orc warrior hits you with a +0 battleaxe!
The orc hits you but does no damage.
The orc warrior hits you but does no damage.
The orc priest mumbles some strange prayers to Beogh against you.
Beogh smites you!
You die...

............##.# ###
### #.
............##.# #.
.###........##.# #.
.#..........##.# ##
.##.........##.#
.............#.#
###.#######..#.####
#.# ###..#....## #.#
#.......@o.#
###.#####.#######o##
.................o#
#.#.#####...#####o.
#.#.# #...# .#.
#.#.# #...# .#.#
..#.# #...# .# #
..#.# #.... ..
#.#+#####..###


You could see an orc warrior, an orc priest and 2 orcs.

Vanquished Creatures
  A centaur warrior (D:9)
  A two-headed ogre (D:10)
  Pikel (D:7)
  A cyclops (D:10)
  Maggie (D:7)
  A shadow (D:9)
  2 wyverns
  7 yaks (D:10)
  4 steam dragons
  A water moccasin (D:3)
  An orc warrior (D:9)
  3 sky beasts (D:7)
  2 ogres
  4 centaurs
  2 bullfrogs (D:9)
  A gnoll sergeant (D:8)
  A kobold brigand (D:8)
  A scorpion (D:7)
  5 wights (D:8)
  4 howler monkeys
  2 electric eels (D:8)
  4 jellies
  3 hounds (D:5)
  6 orc priests
  Ijyb (D:3)
  Jessica (D:2)
  Natasha (D:2)
  2 iguanas
  A sleepcap (D:6)
  5 orc wizards
  3 gnolls (D:8)
  6 adders
  2 white imps
  2 ufetubi (D:7)
  4 dart slugs
  A ribbon worm (D:3)
  22 orcs
  8 ball pythons
  6 endoplasms
  A giant cockroach (D:1)
  9 goblins
  4 hobgoblins
  3 jackals (D:5)
  6 quokkas
  6 bats
  6 frilled lizards
  16 kobolds
  3 rats
178 creatures vanquished.

Notes
Turn   | Place    | Note
-------+----------+-------------------------------------------
     0 | D:1      | qw the Djinni Hunter began the quest for the Orb.
     0 | D:1      | Reached XP level 1. HP: 18/18 MP: 0/0
     0 | D:1      | 0 ||| qw: Version: 0.3-a-136-gdd3b4e8
     0 | D:1      | 0 ||| qw: Game counter: 1194
     0 | D:1      | 0 ||| qw: Melee chars always use a shield: true
     0 | D:1      | 0 ||| qw: God list: Okawaru
     0 | D:1      | 0 ||| qw: Allow faded altars: false
     0 | D:1      | 0 ||| qw: Do Orc after clearing Dungeon:15 true
     0 | D:1      | 0 ||| qw: Do second Lair branch before Depths: true
     0 | D:1      | 0 ||| qw: Lair rune preference: random
     0 | D:1      | 0 ||| qw: Goals: Normal
     0 | D:1      | 0 ||| PLANNING D:1-11
    72 | D:1      | Reached XP level 2. HP: 23/23 MP: 0/0
   583 | D:1      | Reached XP level 3. HP: 28/28 MP: 0/0
   583 | D:1      | Learned a level 1 spell: Foxfire
   697 | D:1      | 697 ||| READING scroll labelled LIK CAMMACOCS.
   697 | D:1      | 697 ||| BRANDING +0 shortbow.
   698 | D:1      | 698 ||| DROPPING scroll of butterflies.
   921 | D:2      | Identified the amulet of Weijug Muo {Reflect rElec Str+4
                  | SH+5}
   986 | D:2      | Noticed Natasha
  1001 | D:2      | Killed Natasha
  1002 | D:2      | Reached skill level 3 in Fighting
  1002 | D:2      | Reached XP level 4. HP: 15/35 MP: 0/0
  1105 | D:2      | Noticed Jessica
  1112 | D:2      | Killed Jessica
  1272 | D:2      | Reached skill level 3 in Dodging
  1359 | D:2      | 1359 ||| UPGRADING to amulet of Weijug Muo {Reflect rElec
                  | Str+4 SH+5}.
  1364 | D:2      | 1364 ||| UPGRADING to ring of resist corrosion.
  1365 | D:2      | 1365 ||| UPGRADING to ring of protection from fire.
  1403 | D:3      | Reached XP level 5. HP: 40/40 MP: 0/0
  1403 | D:3      | Learned a level 2 spell: Ensorcelled Hibernation
  1712 | D:3      | Noticed a water moccasin
  1720 | D:3      | Killed a water moccasin
  1721 | D:3      | Reached XP level 6. HP: 43/46 MP: 0/0
  1858 | D:3      | Found a sacrificial altar of Ru.
  1915 | D:3      | Noticed Ijyb
  1929 | D:3      | Killed Ijyb
  2223 | D:4      | Found a staircase to the Ecumenical Temple.
  2224 | D:4      | 2224 ||| PLANNING TEMPLE
  2233 | Temple   | Found a transporter.
  2233 | Temple   | Found a transporter.
  2233 | Temple   | Found a transporter.
  2233 | Temple   | Found a transporter.
  2233 | Temple   | Entered the Ecumenical Temple
  2234 | Temple   | 2234 ||| PLANNING D:1-11
  2254 | Temple   | 2254 ||| PLANNING OKAWARU WORSHIP
  2256 | Temple   | Became a worshipper of Warmaster Okawaru
  2257 | Temple   | 2257 ||| PLANNING D:1-11
  2597 | D:4      | Reached XP level 7. HP: 32/52 MP: 0/0
  2597 | D:4      | Learned a level 3 spell: Hailstorm
  3456 | D:4      | 3456 ||| UPGRADING to +0 ring mail.
  3466 | D:4      | 3466 ||| DROPPING +0 leather armour.
  3467 | D:4      | 3467 ||| READING scroll labelled FOYTOPNYSUP.
  3467 | D:4      | 3467 ||| ENCHANTING +0 shortbow of flaming.
  3468 | D:4      | 3468 ||| READING scroll labelled JOGOFO SALE.
  3469 | D:4      | 3469 ||| READING 2 scrolls labelled GADGHA JEMOAPH.
  3469 | D:4      | 3469 ||| IDENTIFYING lumpy silvery potion
  3470 | D:4      | 3470 ||| READING scroll of identify.
  3470 | D:4      | 3470 ||| IDENTIFYING fuming ruby potion
  3471 | D:4      | 3471 ||| DROPPING potion of magic.
  3481 | D:5      | Entered Level 5 of the Dungeon
  3488 | D:5      | Reached skill level 1 in Armour
  3534 | D:5      | Noticed a steam dragon
  3541 | D:5      | 3541 ||| ZAPPING wand of paralysis (5) at 1,1 (steam
                  | dragon; floor).
  3542 | D:5      | 3542 ||| ZAPPING wand of paralysis (4) at 1,1 (steam
                  | dragon; floor).
  3543 | D:5      | 3543 ||| ZAPPING wand of paralysis (3) at 1,1 (steam
                  | dragon; floor).
  3551 | D:5      | Killed a steam dragon
  3551 | D:5      | Reached * piety under Okawaru
  3642 | D:5      | Identified the +0 ring mail "Uddikkaa" {Int+5 Dex+3}
  3742 | D:5      | Noticed a wyvern
  3743 | D:5      | 3743 ||| INVOKING Heroism.
  3754 | D:5      | Killed a wyvern
  3755 | D:5      | Reached skill level 6 in Ranged Weapons
  3755 | D:5      | Reached XP level 8. HP: 24/58 MP: 0/0
  4076 | D:5      | Reached ** piety under Okawaru
  4098 | D:5      | Reached skill level 3 in Invocations
  4130 | D:5      | Found a runed translucent door.
  4136 | D:5      | Noticed qw's ghost (novice GrHu)
  4510 | D:5      | 4510 ||| UPGRADING to +0 ring mail "Uddikkaa" {Int+5
                  | Dex+3}.
  4520 | D:5      | 4520 ||| UPGRADING to +0 cloak.
  4525 | D:5      | 4525 ||| DROPPING +0 ring mail.
  4526 | D:5      | 4526 ||| UPGRADING to amulet of faith.
  4894 | D:6      | 4894 ||| READING scroll of enchant armour.
  4894 | D:6      | 4894 ||| ENCHANTING +0 cloak.
  5003 | D:6      | 5003 ||| READING scroll of identify.
  5003 | D:6      | 5003 ||| IDENTIFYING cyan potion
  5004 | D:6      | 5004 ||| READING scroll labelled UROONI LIFIO.
  5004 | D:6      | Identified a scroll of acquirement
  5004 | D:6      | 5004 ||| ACQUIRING ring of Qafomid {+Blink rF- rC+ Int+6}
  5004 | D:6      | Acquired the ring of Qafomid {+Blink rF- rC+ Int+6}
  5006 | D:6      | 5006 ||| UPGRADING to ring of Qafomid {+Blink rF- rC+
                  | Int+6}.
  5008 | D:6      | 5008 ||| READING scroll labelled FIMOYXE SOZEG.
  5012 | D:6      | 5012 ||| READING scroll labelled BOTOEPLERYP.
  5012 | D:6      | 5012 ||| ENCHANTING +0 shortbow of flaming.
  5080 | D:7      | Noticed a wyvern
  5081 | D:7      | 5081 ||| INVOKING Heroism.
  5085 | D:7      | Killed a wyvern
  5166 | D:7      | Reached XP level 9. HP: 63/63 MP: 0/0
  5166 | D:7      | Learned a level 4 spell: Cause Fear
  5476 | D:7      | Noticed Maggie
  5477 | D:7      | 5477 ||| INVOKING Heroism.
  5496 | D:7      | 5496 ||| INVOKING Heroism.
  5500 | D:7      | Killed Maggie
  5500 | D:7      | Reached *** piety under Okawaru
  5501 | D:7      | Reached skill level 6 in Dodging
  5700 | D:7      | Noticed Pikel
  5701 | D:7      | 5701 ||| INVOKING Heroism.
  5714 | D:7      | Killed Pikel
  5728 | D:7      | Reached **** piety under Okawaru
  6047 | D:7      | 6047 ||| SWAPPING to +0 orcbow.
  6048 | D:7      | 6048 ||| DROPPING +1 shortbow of flaming.
  6049 | D:7      | 6049 ||| UPGRADING to +2 swamp dragon scales.
  6059 | D:7      | 6059 ||| DROPPING +0 ring mail "Uddikkaa" {Int+5 Dex+3}.
  6060 | D:7      | 6060 ||| READING scroll of identify.
  6060 | D:7      | 6060 ||| IDENTIFYING metallic dark potion
  6061 | D:7      | 6061 ||| READING scroll labelled PIYTUCO KOONN.
  6062 | D:7      | 6062 ||| READING 2 scrolls labelled XIPLAPSERIWO.
  6063 | D:7      | 6063 ||| DROPPING wand of flame (15).
  6064 | D:7      | 6064 ||| DROPPING scroll of fog.
  6131 | D:8      | Found a sparkling altar of Nemelex Xobeh.
  6282 | D:8      | 6282 ||| RETREEEEATING.
  6290 | D:8      | 6290 ||| RETREEEEATING.
  6291 | D:8      | 6291 ||| RETREEEEATING.
  6293 | D:8      | Reached skill level 3 in Armour
  6293 | D:8      | Reached XP level 10. HP: 60/71 MP: 0/0
  6293 | D:8      | 6293 ||| FLEEEEING.
  6294 | D:8      | 6294 ||| FLEEEEING.
  6295 | D:8      | 6295 ||| FLEEEEING.
  6296 | D:8      | 6296 ||| FLEEEEING.
  6297 | D:8      | 6297 ||| FLEEEEING.
  6298 | D:8      | 6298 ||| FLEEEEING.
  6299 | D:8      | 6299 ||| FLEEEEING.
  6398 | D:8      | Reached skill level 6 in Fighting
  6719 | D:8      | Found a stormy altar of Qazlal.
  6728 | D:8      | Reached skill level 6 in Invocations
  6919 | D:8      | Identified the +4 war axe of Focus {freeze, Int+6}
  7046 | D:8      | Found a hazy altar of Hepliaklqana.
  7107 | D:8      | Reached ***** piety under Okawaru
  7272 | D:8      | 7272 ||| READING scroll of identify.
  7272 | D:8      | 7272 ||| IDENTIFYING dark potion
  7273 | D:8      | 7273 ||| DROPPING potion of brilliance.
  7500 | D:9      | Noticed a centaur warrior
  7501 | D:9      | 7501 ||| INVOKING Finesse.
  7512 | D:9      | HP: 17/72 [centaur warrior (2)]
  7513 | D:9      | 7513 ||| DRINKING potion of heal wounds.
  7515 | D:9      | Killed a centaur warrior
  7789 | D:9      | Reached skill level 9 in Ranged Weapons
  8601 | D:9      | 8601 ||| READING 3 scrolls of identify.
  8601 | D:9      | 8601 ||| IDENTIFYING white potion
  8602 | D:9      | 8602 ||| READING 2 scrolls of identify.
  8602 | D:9      | 8602 ||| IDENTIFYING emerald potion
  8603 | D:9      | 8603 ||| DROPPING potion of degeneration.
  8645 | D:10     | Entered Level 10 of the Dungeon
  8653 | D:10     | 8653 ||| RETREEEEATING.
  8666 | D:10     | Received a gift from Okawaru
  8695 | D:10     | Reached XP level 11. HP: 66/79 MP: 0/0
  8695 | D:10     | Learned a level 5 spell: Lee's Rapid Deconstruction
  8822 | D:10     | HP: 19/79 [yak (12)]
  9015 | D:10     | Noticed a cyclops
  9016 | D:10     | 9016 ||| FLEEEEING.
  9025 | D:10     | 9025 ||| INVOKING Finesse.
  9039 | D:10     | Killed a cyclops
  9117 | D:10     | Noticed a two-headed ogre
  9118 | D:10     | 9118 ||| INVOKING Finesse.
  9126 | D:10     | Killed a two-headed ogre
  9127 | D:10     | Reached skill level 9 in Invocations
  9640 | D:10     | HP: 18/79 [orc warrior/+0 battleaxe (14)]
  9641 | D:10     | HP: 1/79 [orc warrior/+0 battleaxe (17)]
  9641 | D:10     | Killed from afar by an orc priest

Levels and vault maps discovered:
D:1:      minmay_arrival_four_houses, layout_basic
D:2:      layout_basic, kennysheep_boxes, uniq_natasha, uniq_jessica
D:3:      layout_loops_ring, mainiacjoe_overflow_boulevard, uniq_ijyb
D:4:      layout_layer_cave, minmay_temple_entry_gardened_gates,
          hangedman_glass_garden, corexii_shack
D:5:      layout_basic, ebering_ghost_sewer_d, guppyfry_early_lair_pool
D:6:      layout_cave_pools, minmay_misc_feat_rugged
D:7:      layout_loops_corners, chequers_arboretum, uniq_pikel, uniq_maggie
D:8:      layout_basic, nicolae_overflow_squiral,
          mainiacjoe_overflow_catch_the_wave
D:9:      layout_grid_maze, bh_walls_and_bars
D:10:     layout_basic, trove_entry_hex_spiral, minmay_misc_feat_plants,
          serial_library_regret_index_small_wings
Temple:   hellmonk_temple_divided_pantheon

Skill      XL: |  1  2  3  4  5  6  7  8  9 10 11 |
---------------+----------------------------------+-----
Ranged Weapons | 4 5 6 7 8 9 |  9.6
Fighting       | 3 4 5 7 |  7.0
Dodging        | 3 4 6 |  6.0
Armour         | 1 2 3 |  3.0
Invocations    | 2 4 8 9 |  9.0
Stealth        | |  0.7

Action                     |  1- 3 |  4- 6 |  7- 9 | 10-12 || total
---------------------------+-------+-------+-------+-------++-------
   Fire: Shortbow          |    81 |   134 |   236 |       ||   451
         Orcbow            |       |       |    45 |   264 ||   309
 Invoke: Heroism           |       |       |     5 |       ||     5
         Finesse           |       |       |       |     3 ||     3
  Evoke: Wand              |       |       |     3 |       ||     3
    Use: Scroll            |     1 |       |    12 |     3 ||    16
         Potion            |       |       |       |     1 ||     1
 Armour: Leather armour    |     8 |    26 |     2 |       ||    36
         Ring mail         |       |       |    72 |       ||    72
         Swamp dragon scal |       |       |    12 |   130 ||   142
  Dodge: Dodged            |     8 |    38 |    94 |   100 ||   240
  Block: Other             |       |    12 |    19 |       ||    31
         Reflection        |       |     3 |       |       ||     3

Table legend:
 A = Non-vault XP
 B = Vault XP
 C = Vault XP percentage of total XP
 D = Non-vault monster count
 E = Vault monster count
 F = Vault count percentage of total count
                 A         B        C        D         E       F
            +---------+---------+-------+---------+---------+-------
      Total |    8640 |    1243 |  12.6 |     169 |       9 |   5.1
            +---------+---------+-------+---------+---------+-------
        D:1 |      31 |       0 |   0.0 |      17 |       0 |   0.0
        D:2 |      32 |      74 |  69.8 |      18 |       2 |  10.0
        D:3 |     200 |      39 |  16.3 |      18 |       1 |   5.3
        D:4 |     186 |       2 |   1.1 |      27 |       1 |   3.6
        D:5 |     739 |      40 |   5.1 |      13 |       3 |  18.8
        D:6 |     246 |       0 |   0.0 |       5 |       0 |   0.0
        D:7 |     857 |    1088 |  55.9 |      13 |       2 |  13.3
        D:8 |    1766 |       0 |   0.0 |      38 |       0 |   0.0
        D:9 |    1774 |       0 |   0.0 |      10 |       0 |   0.0
       D:10 |    2809 |       0 |   0.0 |      10 |       0 |   0.0
            +---------+---------+-------+---------+---------+-------
